Frizzbo, neutral female sylph Wizard -- --- |. . |.---- .- ..|..----.| |.|. |..|.| |.-|-|..|.| |....|..|.| |.{..-|--Y----- |.......G.E-..| |....-|--.%| .| |.-+-|..|.-- -- |. |..|.+ |. ----@| | .| .- .. ---- Frizzbo the Thaumaturge Experience level: 8 Strength: 13 Dexterity: 15 Constitution: 13 Intelligence: 19 Wisdom: 20 Charisma: 8 Health: 0(53) Energy: 130(130) Def: 1 Gold: 1573 Moves: 7844 Dungeon seed: orf2E8c9TJ79yIgP Game ID: Frizzbo_1467143609 Your Inventory: Coins $ - 1573 gold pieces Amulets G - an uncursed amulet of reflection Weapons E - an uncursed +1 elven dagger (weapon in hand) H - 2 uncursed +0 elven daggers Armor e - an uncursed +0 cloak of magic resistance (being worn) y - an uncursed +0 Hawaiian shirt (being worn) z - an uncursed +0 elven leather helm N - an uncursed +0 pair of speed boots Comestibles i - 3 uncursed eggs x - an uncursed food ration L - an uncursed sprig of wolfsbane Scrolls k - an uncursed scroll of magic mapping o - an uncursed scroll of scare monster w - an uncursed scroll of identify B - 4 uncursed scrolls of blank paper D - an uncursed scroll of scare monster I - a blessed scroll of blank paper O - 2 uncursed scrolls of earth T - a cursed scroll of teleportation Potions c - an uncursed potion of water f - an uncursed potion of gain energy g - an uncursed potion of healing l - an uncursed potion of levitation u - a cursed potion of extra healing v - a cursed potion of levitation S - an uncursed potion of paralysis U - an uncursed potion of enlightenment Rings b - a blessed +1 ring of increase damage j - an uncursed ring of poison resistance p - a cursed -2 ring of protection K - an uncursed ring of conflict Q - an uncursed ring of levitation Y - an uncursed ring of stealth Wands d - an uncursed wand of digging (0:6) s - an uncursed wand of enlightenment (0:13) C - an uncursed wand of cold (0:4) F - an uncursed wand of create monster (0:13) M - a cursed wand of make invisible (0:5) X - an uncursed wand of magic missile (0:4) Tools a - an uncursed +0 pick-axe A - an uncursed stethoscope V - an uncursed tooled horn Gems n - 4 uncursed worthless pieces of red glass q - an uncursed worthless piece of yellowish brown glass r - an uncursed opal W - an uncursed jasper stone Z - an uncursed worthless piece of green glass Spells and supernatural/magical abilities: Name Level Category Fail Memory a - force bolt 1 attack 0% 61% l - light 1 divination 0% 61% m - magic missile 2 attack 0% 79% n - detect monsters 1 divination 0% 78% W - pray for help -- divine ? -- Your skills at the end: Miscellaneous Skills wands [Basic] Weapon Skills dagger [Basic] quarterstaff [Basic] Spellcasting Skills attack spells [Skilled] enchantment spells [Basic] Final Attributes: You were fervently aligned. You were magic-protected. You saw invisible. You had infravision. You were stealthy. You were held by an owlbear. You were protected from shape changers. You are dead. Vanquished creatures: 2 giant mimics a leprechaun a gnome mummy a snake a human zombie a baby crocodile 4 Mordor orcs 4 Uruk-hai a rock mole a pony 2 fog clouds a yellow light a shrieker 4 gnome lords a golden naga hatchling 2 guardian naga hatchlings 2 gray oozes an elf zombie 2 ghouls 3 straw golems a paper golem 4 giant ants a little dog a floating eye 6 dwarves 3 iguanas 11 hill orcs a rabid rat 3 centipedes a giant bat 4 orc zombies 2 werejackals a killer bee a gas spore 3 hobbits 3 acid blobs 2 large kobolds 6 geckos 2 hobgoblins 10 giant rats a cave spider 6 yellow molds 2 green molds a red mold 8 gnomes 11 garter snakes a gnome zombie 15 jackals 3 foxes 5 kobolds 12 newts 6 goblins 5 sewer rats 10 grid bugs 2 bats 6 lichens 3 kobold zombies 199 creatures vanquished. Voluntary challenges: You were vegetarian. You had followed a strict vegan diet until turn 2321. You used a wielded weapon 214 times, starting on turn 161. You did not apply a unicorn horn. You read items or engraved 16 times, starting on turn 883. You never genocided any monsters. You never polymorphed an object. You never changed form. You completed Sokoban on turn 6675, according to the rules. You used no wishes. You never split a pudding. You never wrote Elbereth's name. You violated your moral code, losing 5 points of alignment, starting on turn 3098. Dungeon overview: The Dungeons of Doom: levels 1 to 6 Level 1 some fountains, a sink a long staircase Level 2 a fountain Level 3 a general store Level 4 stairs to The Gnomish Mines Level 5 many fountains Level 6 a fountain stairs to Sokoban The Gnomish Mines: levels 5 to 7 Level 5 stairs to The Dungeons of Doom Level 6 Level 7 <- You were here a fountain Sokoban: levels 2 to 5 Level 2 a magic chest Level 3 Level 4 Level 5 a magic chest stairs to The Dungeons of Doom History has recorded: On T:1 you entered the Dungeons of Doom to retrieve the Amulet of Yendor! On T:446 you reached level 2 of The Dungeons of Doom. On T:589 you advanced to experience level 2. On T:863 you reached level 3 of The Dungeons of Doom. On T:1014 you advanced to experience level 3. On T:1450 you reached level 4 of The Dungeons of Doom. On T:1874 you reached level 5 of The Dungeons of Doom. On T:1925 you advanced to experience level 4. On T:2017 you advanced to experience level 5. On T:2018 you received advice from The Oracle. On T:2018 you advanced to experience level 6. On T:2295 you reached level 6 of The Dungeons of Doom. On T:2699 you reached level 4 of Sokoban. On T:3583 you opened a magic chest. On T:3586 you opened a magic chest. On T:3790 you reached level 3 of Sokoban. On T:4380 you advanced to experience level 7. On T:4851 you reached level 2 of Sokoban. On T:5380 you reached level 1 of Sokoban. On T:6675 you advanced to experience level 8. On T:6675 you entered the Sokoban zoo. On T:6758 you opened a magic chest. On T:6987 you opened a magic chest. On T:6991 you opened a magic chest. On T:7291 you reached level 1 of The Gnomish Mines. On T:7704 you reached level 2 of The Gnomish Mines. On T:7814 you reached level 3 of The Gnomish Mines. Score breakdown: Gold: 1573 ( 157 points) Experience: 8 levels ( 700 points) Exploration: 7 levels ( 180 points) Discoveries: 12 items ( 600 points) Variety of kills: 57 monsters ( 2000 points) Major goal: finished Sokoban ( 1000 points) Survival: died (score multiplied by 3) Total score: 13911 Latest messages: There are several objects here. a - a pick-axe. You stop exploring. The gnome punches you! You stab the gnome. You kill the gnome! d - an ebony wand. You see here a gnome corpse. You hear crashing rock. You are beginning to feel hungry. You stop exploring. A trap door opens up under you! You stop exploring. You kill the killer bee! The door opens. (2x) This door is locked. The door opens. The owlbear claws you! (4x) The door opens. The owlbear claws you! (2x) The owlbear grabs you! You cannot escape from the owlbear! The owlbear claws you! (2x) You are being crushed. You die... Final status: Goodbye Frizzbo the Wizard, killed by an owlbear... You died in The Gnomish Mines on dungeon level 7 with 13911 points, and 1573 pieces of gold, after 7844 moves. You were level 8 with a maximum of 53 hit points when you died.